 Dungeon Crawl Stone Soup version 0.27.1-34-g3ba077fa99 (webtiles) character file.

Game seed: 3268410261644990750

1297 elmegaard the Covered (level 8, -1/105 HPs)
             Began as a Minotaur Fighter on Jan 23, 2022.
             Was an Initiate of Qazlal.
             Slain by an orc warrior (8 damage)
             ... on level 6 of the Dungeon.
             The game lasted 00:42:25 (5443 turns).

elmegaard the Covered (Minotaur Fighter)            Turns: 5443, Time: 00:42:27

Health: -1/105     AC: 24    Str: 23    XL:     8   Next: 31%
Magic:  7/7        EV:  2    Int:  5    God:    Qazlal [......]
Gold:   287        SH: 10    Dex: 10    Spells: 7/7 levels left

rFire    . . .     SeeInvis .   q - +1 hand axe (vamp)
rCold    . . .     Faith    .   c - +0 kite shield
rNeg     + + +     Spirit   .   (armour currently unavailable)
rPois    +         Reflect  .   (helmet currently unavailable)
rElec    .         Harm     .   (cloak currently unavailable)
rCorr    .         Rampage  .   (gloves currently unavailable)
Will     .....     NoTele   +   (boots currently unavailable)
Stlth    ++........             (no amulet)
HPRegen  0.27/turn              (no ring)
MPRegen  0.10/turn              (no ring)

@: tree-form
A: stationary, stasis, torment immunity, boosted hp, (horns 2), (retaliatory
headbutt)
a: Renounce Religion


You were on level 6 of the Dungeon.
You worshipped Qazlal.
Qazlal was noncommittal.
You were a tree.
You visited 2 branches of the dungeon, and saw 7 of its levels.

You collected 287 gold pieces.

Inventory:

Hand Weapons
 a - a +0 war axe
 n - a +4 club
 q - a +1 vampiric hand axe (weapon)
 s - a +2 dagger of freezing
Missiles
 e - 48 sling bullets
 h - 24 poisoned darts
 r - 10 boomerangs
Armour
 b - a +0 scale mail
 c - a +0 kite shield (worn)
 l - a +0 chain mail
 o - a +0 robe
 t - a +0 leather armour
 u - a +0 animal skin
 v - a +0 helmet
 x - a +0 kite shield
 A - a +3 chain mail of poison resistance (melded)
 D - a scarf of harm
 E - a +3 ring mail
Jewellery
 i - a ring of magical power
Wands
 m - a wand of polymorph (6) (quivered)
Scrolls
 k - 3 scrolls of vulnerability
 w - a scroll of magic mapping {unknown}
 y - 6 scrolls of identify
 z - a scroll of blinking {unknown}
 B - 2 scrolls of enchant armour {unknown}
 C - a scroll of brand weapon {unknown}
Potions
 d - a potion of might
 f - a potion of mutation
 j - a potion of curing
 p - a potion of heal wounds {unknown}


   Skills:
 + Level 5.8 Fighting
 + Level 7.1 Axes
 + Level 7.2 Armour
 + Level 2.4 Dodging
 + Level 1.4 Stealth
 + Level 6.1 Shields
 + Level 0.3 Unarmed Combat


You had 7 spell levels left.
You didn't know any spells.
Your spell library contained the following spells:

 Spells                   Type           Power      Damage    Failure   Level
 Animate Skeleton         Necr           0%         N/A       86%         1
 Apportation              Tloc           0%         N/A       86%         1
 Corona                   Hex            0%         N/A       86%         1
 Summon Small Mammal      Summ           0%         N/A       86%         1
 Blink                    Tloc           N/A        N/A       94%         2
 Call Canine Familiar     Summ           0%         N/A       99%         3
 Lesser Beckoning         Tloc           0%         N/A       99%         3
 Portal Projectile        Hex/Tloc       0%         N/A       99%         3
 Leda's Liquefaction      Hex/Erth       0%         N/A       100%        4
 Manifold Assault         Tloc           0%         N/A       100%        5


Dungeon Overview and Level Annotations

Branches:
Dungeon (6/15)             Temple (1/1) D:5

Altars:
Cheibriados
Dithmenos
Fedhas
Gozag
Hepliaklqana
Kikubaaqudgha
Okawaru
Qazlal
Uskayaw
Yredelemnul

Shops:
D:6 !


Innate Abilities, Weirdness & Mutations

You are a tree.
Your roots penetrate the ground, keeping you stationary.
You cannot be teleported.
You are immune to unholy pain and torment.
Your maximum health is greatly increased.
Your equipment is partially melded.
((You have a pair of horns on your head.))
((You reflexively headbutt those who attack you in melee.))


Message History

You hit something.
You feel better. Qazlal accepts your kill.
Reactivating autopickup.
You feel a bit more experienced. You block the orc warrior's attack.
The orc priest invokes the aid of Beogh against you.
Beogh smites you!
* * * LOW HITPOINT WARNING * * *
You feel better. You block the orc warrior's attack.
You feel better.
The orc warrior hits you with a +0 battleaxe!!
* * * LOW HITPOINT WARNING * * *
The orc priest casts a cantrip, but nothing happens.
You turn into a tree.
Your +3 chain mail of poison resistance melds into your body.
You no longer feel resistant to poison.
Your roots penetrate the ground.
The orc warrior hits you with a +0 battleaxe.
* * * LOW HITPOINT WARNING * * *
You are too injured to fight recklessly!
You closely miss the orc warrior.
The orc warrior is moderately wounded.
You hit the orc warrior but do no damage.
You slash the orc priest!
You feel better. You block the orc warrior's attack.
You block the orc priest's attack.
The orc warrior hits you with a +0 broad axe.
* * * LOW HITPOINT WARNING * * *
You block the orc warrior's attack.
You barely miss the orc warrior.
The orc warrior is moderately wounded.
You closely miss the orc priest. You closely miss the orc warrior.
The orc priest hits you with a +0 whip.
* * * LOW HITPOINT WARNING * * *
The orc warrior hits you but does no damage.
The orc warrior barely misses you.
You closely miss the orc priest.
The orc priest is heavily wounded.
You closely miss the orc warrior.
Your shield prevents you from hitting the orc warrior.
The orc priest hits you but does no damage.
The orc warrior hits you with a +0 broad axe!
You die...

.........##..#.###..###..
........#).o#.# ##.##...
.......)##...# #.##...
........##.### #......
.......Z##.# ###......
####.o..##.###.#......
#....#........#....
####oZ...).####....
#♣o{#...)...##.##.
+.oo##..##.).#..##.
#.......####....#..
#......##..........
##.........#.......
#.........#.......
#..........##.....
...........####...
.........<# #.#


You could see 2 orc warriors, an orc priest, an orc and a centaur zombie.

Vanquished Creatures
  A sky beast (D:5)
  A necrophage (D:5)
  A centaur (D:5)
  A phantom (D:5)
  5 scorpions
  A howler monkey (D:5)
  2 bullfrog zombies
  A centaur skeleton (D:5)
  An orc priest (D:6)
  6 hounds
  Jessica (D:3)
  2 iguanas
  2 orc wizards
  A killer bee zombie (D:5)
  A hound zombie (D:5)
  A howler monkey zombie (D:5)
  Robin (D:3)
  7 adders
  An adder skeleton (D:5)
  A worm (D:2)
  A dart slug (D:2)
  13 orcs
  6 endoplasms
  A giant cockroach (D:3)
  13 goblins
  12 hobgoblins
  2 jackals (D:1)
  2 quokkas
  3 ball pythons
  2 bats
  3 frilled lizards
  7 kobolds
  5 rats
108 creatures vanquished.

Notes
Turn   | Place    | Note
-------+----------+-------------------------------------------
     0 | D:1      | elmegaard the Minotaur Fighter began the quest for the Orb.
     0 | D:1      | Reached XP level 1. HP: 19/19 MP: 0/0
   260 | D:2      | Reached XP level 2. HP: 27/27 MP: 1/1
   297 | D:2      | Found a faded altar of an unknown god.
   852 | D:3      | Noticed Jessica
   915 | D:3      | Killed Jessica
   916 | D:3      | Reached XP level 3. HP: 31/33 MP: 2/2
  1024 | D:3      | Reached XP level 4. HP: 40/40 MP: 3/3
  1082 | D:3      | Reached skill level 1 in Dodging
  1980 | D:3      | Noticed Robin
  2016 | D:3      | Killed Robin
  2017 | D:3      | Reached XP level 5. HP: 15/46 MP: 4/4
  2357 | D:3      | Reached skill level 5 in Armour
  3065 | D:4      | Reached XP level 6. HP: 53/53 MP: 5/5
  3093 | D:4      | Found an opulent altar of Gozag.
  3569 | D:5      | Entered Level 5 of the Dungeon
  3575 | D:5      | Reached skill level 5 in Axes
  3575 | D:5      | Reached skill level 5 in Shields
  3968 | D:5      | Reached skill level 5 in Fighting
  3968 | D:5      | Reached XP level 7. HP: 57/61 MP: 6/6
  4073 | D:5      | Reached skill level 1 in Stealth
  4340 | D:5      | Reached XP level 8. HP: 46/69 MP: 7/7
  4656 | D:5      | Found a staircase to the Ecumenical Temple.
  4749 | Temple   | Entered the Ecumenical Temple
  5078 | Temple   | Became a worshipper of Qazlal Stormbringer
  5394 | D:6      | Found Paogohent's Distillery.
  5443 | D:6      | Slain by an orc warrior

Illustrated notes

Levels and vault maps discovered:
D:1:      sevenhm_arrival_forest_fort_large_4, layout_rooms,
          wad_floor_pattern_2, lexackson_kobold_supper
D:2:      layout_basic, basic_ecumenical_altar, serial_park_tiny_1
D:3:      layout_loops_corners, minmay_goblin_kobold_house, uniq_robin,
          uniq_jessica
D:4:      layout_basic, mainiacjoe_overflow_brackets, roderic_serpentine_path,
          hangedman_abyss_or_decor_passed
D:5:      minmay_evil_eye, layout_gridville, minmay_temple_entry_junction,
          minmay_fractal_squares_diagonal_5
D:6:      layout_cave_pools, mainiacjoe_overflow_paths, minitemple,
          serial_shops, shop, kennysheep_generic_room_11
Temple:   nicolae_temple_figure_zero

Skill      XL: |  1  2  3  4  5  6  7  8 |
---------------+-------------------------+-----
Shields        | 4 5 6 |  6.1
Armour         | 4 5 6 7 |  7.2
Fighting       | 4 5 |  5.8
Axes           | 3 4 5 6 7 |  7.1
Dodging        | 1 2 |  2.4
Stealth        | 1 |  1.4
Unarmed Combat | |  0.3

Action                   |  1- 3 |  4- 6 |  7- 9 || total
-------------------------+-------+-------+-------++-------
Melee: War axe           |    37 |    13 |       ||    50
       Headbutt          |     5 |    29 |    25 ||    59
       Unarmed           |    12 |       |       ||    12
       Hand axe          |       |   179 |   128 ||   307
  Use: Scroll            |     2 |     4 |       ||     6
       Potion            |       |       |     3 ||     3
Armor: Scale mail        |    17 |    53 |       ||    70
       Skin              |     3 |       |     2 ||     5
       Chain mail        |       |    24 |    69 ||    93
Dodge: Dodged            |    29 |    52 |    37 ||   118
Block: Kite shield       |    26 |   103 |    79 ||   208
